 Dungeon Sprint DCSS version 0.31-a0-986-g5e6e4ef867 (webtiles) character file.

Game seed: 8911343278590250609

130 Danienth the Ruffian (level 4, -3/50 HPs)
             Began as a Troll Fighter on Nov 7, 2023.
             Slain by a centaur (6 damage)
             ... in the Dungeon (Sprint IX: "|||||||||||||||||||||||||||||").
             The game lasted 00:00:35 (48 turns).

Danienth the Ruffian (Troll Fighter)                  Turns: 48, Time: 00:00:38

Health: -3/50      AC:  4    Str: 24    XL:     4   Next: 90%
Magic:  3/3        EV:  9    Int:  4    God:
Gold:   0          SH:  8    Dex: 11    Spells: 3/3 levels left

rFire   . .          .
                       - Unarmed
rCold   . . .        b - +0 kite shield
rNeg    . . .        a - +0 robe
rPois   .            (helmet restricted)
rElec   .            (no cloak)
rCorr   .            (gloves unavailable)
SInv    .            (boots unavailable)
Will    .....        (no amulet)
Stlth   +            (no ring)
HPRegen 1.08/turn    (no ring)
MPRegen 0.08/turn

%: no teleportation
@: no status effects
A: large, unfitting armour, claws 3, regeneration 1, shaggy fur 1, tough skin 1
a: no special abilities


You were in the Dungeon.
You visited 1 branch

Inventory:

Armour
 a - a +0 robe (worn)
 b - a +0 kite shield (worn)
Scrolls
 i - a scroll of blinking
Potions
 c - a potion of might
 d - a potion of curing
 e - a potion of heal wounds
 f - a potion of haste
 g - 2 potions of magic
 h - a potion of berserk rage


   Skills:
 * Level 5.4 Fighting
 + Level 4.2 Dodging
 + Level 4.5 Shields
 * Level 5.6 Unarmed Combat


You had 3 spell levels left.
You didn't know any spells.
Your spell library was empty.

Dungeon Overview and Level Annotations

Branches:
Dungeon (1/1)

Altars:


Innate Abilities, Weirdness & Mutations

You are too large for most types of armour.
You have claws for hands.
Your natural rate of healing is unusually fast.
You are covered in fur. (AC +1)
You have tough skin. (AC +1)


Message History

Aim: an ice beast (heavily wounded, about 36% to evade your claws)
You barely miss the ice beast.
The ice beast is heavily wounded.
The ice beast closely misses you.
Attack: -) Claws
Press: ? - help, Dir - move target, f/p - ice beast
Aim: an ice beast (heavily wounded, about 36% to evade your claws)
You claw the ice beast!
You kill the ice beast!
The centaur wields a +0 orcbow.
The centaur shoots an arrow.
The arrow hits you!
* * * LOW HITPOINT WARNING * * *
Your Fighting skill increases to level 5!
Your Dodging skill increases to level 4!
Your Shields skill increases to level 4!
Your Unarmed Combat skill gained 2 levels and is now at level 5!
You have reached level 4!
Attack: -) Claws
Press: ? - help, Dir - move target, f - centaur
Aim: a centaur, wielding a +0 orcbow (about 25% to evade your claws)
You scratch the centaur.
The centaur is moderately wounded.
The centaur unwields a +0 orcbow.
The centaur hits you but does no damage.
The centaur kicks you.
* * * LOW HITPOINT WARNING * * *
Attack: -) Claws
Press: ? - help, Dir - move target, f/p - centaur
Aim: a centaur (moderately wounded, about 25% to evade your claws)
You completely miss the centaur.
The centaur is moderately wounded.
You block the centaur's attack.
The centaur kicks you but does no damage.
Attack: -) Claws
Press: ? - help, Dir - move target, f/p - centaur
Aim: a centaur (moderately wounded, about 25% to evade your claws)
You scratch the centaur but do no damage.
The centaur is moderately wounded.
The centaur hits you.
You die... ▓▓▓▓▓▓▓▓▓▓▓▓▓▓▓▓▓▓ +...Sc@.....)...<▓ ▓▓▓▓▓▓▓▓▓▓▓▓▓▓▓▓▓▓

You could see a centaur and an adder.

Vanquished Creatures
  An ice beast (D)
  An iguana (D)
  An adder (D)
  An endoplasm (D)
  A goblin (D)
  2 hobgoblins (D)
  A kobold (D)
8 creatures vanquished.

Notes
Turn   | Place    | Note
-------+----------+-------------------------------------------
     0 | D        | Danienth the Troll Fighter began the quest for the Orb.
     0 | D        | Reached XP level 1. HP: 22/22 MP: 0/0
    26 | D        | Noticed a centaur
    26 | D        | Noticed an ice beast
    26 | D        | Noticed an iguana
    31 | D        | Reached XP level 2. HP: 31/31 MP: 1/1
    38 | D        | Reached XP level 3. HP: 30/39 MP: 2/2
    45 | D        | Killed an ice beast
    45 | D        | HP: 1/39 [centaur/arrow (14)]
    46 | D        | Reached skill level 5 in Fighting
    46 | D        | Reached skill level 5 in Unarmed Combat
    46 | D        | Reached XP level 4. HP: 1/50 MP: 3/3
    48 | D        | Slain by a centaur

Illustrated notes

Levels and vault maps discovered:
D:        linesprint [early_d, line_temple, items_1, d_10, items_2, lair_1,
          lair_end, items_3, orc_1, orc_end, items_4, d_15, swamp_1, shoals_1,
          snake_1, spider_1, d_20, vaults_1, items_5, swamp_end, shoals_end,
          snake_end, spider_end, vaults_end, d_27, items_6, zot_1, zot_end,
          crypt_end, forest_end, elf_end, slime_end, tomb_end, abyss_end,
          pan_hell_end]

Skill      XL: |  1  2  3 |
---------------+----------+-----
Fighting       | 3 4 5 |  5.4
Shields        | 3 4 |  4.5
Unarmed Combat | 3 5 |  5.6
Dodging        | 3 4 |  4.2

Action                     |  1- 3 |  4- 6 || total
---------------------------+-------+-------++-------
  Melee: Unarmed           |    34 |     3 ||    37
 Armour: Robe              |    11 |     4 ||    15
  Dodge: Dodged            |     8 |       ||     8
  Block: Kite shield       |     9 |     1 ||    10

Table legend: (Time is in decaauts)
 A = Elapsed time spent in this place.
 B = Non-inter-level travel time spent in this place.
 C = Inter-level travel time spent in this place.
 D = Time resting spent in this place.
 E = Time spent auto-exploring this place.
 F = Levels seen in this place.
 G = Mean time per level.
                   A        B        C        D        E       F      G
               +--------+--------+--------+--------+--------+-----+--------+
         Total |     50 |     50 |      0 |      0 |      9 |   1 |   50.0 |
       Dungeon |     50 |     50 |      0 |      0 |      9 |   1 |   50.0 |
               +--------+--------+--------+--------+--------+-----+--------+

Top non-repeatable levels by time:
       D: 50 daAuts
